Map: 돌개바람 - 래더 (공허의 유산)

Players

aLive

  • Race: Terran Terran
  • League: Master
  • Spawn Location: 5:00

JJAKJI - Winner!

  • Race: Terran Terran
  • Spawn Location: 11:00

VOD

Have the link to the VOD?

Description

Time

  • Played on: Nov. 29, 2016, 6:18 a.m.
  • Length: 12:10
Show
View Real Time Build Order
Export as new Build Order

aLive Terran 

Build Orders: 1/1/1, MMM Bio, Banshee Rush 

Get SALT Encoding   

  12  0:00  SCV  
  13  0:12  SCV  
  14  0:16  Supply Depot  
  14  0:24  SCV  
  15  0:38  SCV  
  15  0:39  Barracks  
  16  0:43  Refinery  
  16  0:49  Refinery  
  16  0:53  SCV  
  17  1:05  SCV  
  18  1:18  SCV  
  19  1:29  Factory  
  19  1:32  Orbital Command  
  20  1:40  Reaper  
  20  1:44  Supply Depot  
  20  1:57  SCV  
  21  2:11  SCV  
  21  2:13  Hellion, Reaper  
  21  2:14  Starport  
  25  2:23  SCV  
  25  2:24  Supply Depot  
  26  2:34  Factory Tech Lab  
  26  2:36  SCV  
  27  2:45  Barracks Reactor  
  27  2:48  SCV  
  28  3:00  SCV  
  28  3:01  Banshee, Cloaking Field  
  32  3:12  SCV  
  35  3:17  Command Center  
  33  3:22  Marine x2  
  33  3:26  Supply Depot  
  35  3:29  SCV  
  36  3:41  SCV  
  35  3:44  Raven  
  37  3:49  Widow Mine  
  37  3:50  Marine x2  
  37  3:53  SCV  
  42  4:05  SCV  
  42  4:08  Marine x2  
  45  4:13  Supply Depot  
  44  4:17  SCV  
  44  4:21  Factory Tech Lab  
  45  4:29  SCV  
  45  4:30  SCV  
  47  4:34  Command Center  
  47  4:41  SCV  
  46  4:52  Orbital Command  
  46  4:57  Engineering Bay  
  46  4:59  Engineering Bay  
  44  5:00  Siege Tank  
  44  5:01  SCV  
  48  5:10  Marine  
  48  5:11  Stimpack  
  49  5:14  SCV  
  49  5:17  Barracks  
  49  5:18  SCV  
  49  5:19  Barracks  
  51  5:26  Terran Infantry Weapons Level 1, Terran Infantry Armor Level 1  
  51  5:27  SCV  
  52  5:29  Marine  
  52  5:30  SCV  
  52  5:34  Siege Tank  
  57  5:41  Refinery x2, SCV  
  57  5:42  SCV  
  59  5:49  Orbital Command, Marine  
  60  5:54  SCV x2  
  62  5:58  Barracks  
  62  6:02  Barracks  
  62  6:06  SCV x2  
  62  6:09  Viking  
  59  6:21  SCV x2  
  59  6:23  SCV  
  52  6:26  Viking  
  52  6:31  Barracks Reactor x2  
  53  6:33  SCV x2  
  55  6:47  Barracks Reactor  
  55  6:48  Orbital Command  
  55  6:49  Medivac  
  55  6:51  SCV x2  
  59  6:56  Medivac  
  59  6:58  Barracks Reactor  
  61  7:03  SCV x2  
  61  7:05  Siege Tank  
  66  7:12  Marine x3  
  66  7:13  Supply Depot, Marine x2  
  66  7:14  Combat Shields, Supply Depot  
  71  7:17  SCV  
  71  7:18  SCV  
  71  7:19  SCV  
  74  7:28  Marine  
  74  7:29  Armory, Marine  
  76  7:33  SCV x3  
  79  7:38  Marine  
  79  7:39  Marine x4  
  84  7:45  Medivac x2  
  84  7:48  SCV x2  
  90  7:58  Supply Depot, SCV  
  90  7:59  Supply Depot  
  90  8:00  SCV x2  
  90  8:04  Siege Tank  
  96  8:11  Marine  
  96  8:12  Marine x4  
  101  8:18  Marine  
  101  8:19  Marine x2  
  101  8:23  SCV x2  
  104  8:29  Marine x2  
  104  8:30  Marine x4  
  100  8:39  Medivac x2, Siege Tank  
  106  8:43  Terran Infantry Weapons Level 2  
  101  8:49  Terran Infantry Armor Level 2  
  101  8:50  SCV x2  
  101  8:51  SCV  
  101  8:54  Refinery  
  104  8:56  Refinery  
  104  8:59  Supply Depot x2  
  104  9:01  Marine x4  
  104  9:02  Marine x3  
  111  9:03  Marine  
  111  9:04  Marine  
  111  9:08  SCV  
  111  9:09  SCV x2  
  116  9:18  Terran Vehicle Weapons Level 1  
  116  9:20  Siege Tank  
  116  9:21  Supply Depot  
  116  9:22  SCV x3  
  116  9:23  Supply Depot  
  122  9:34  Marine x9  
  131  9:41  SCV  
  131  9:45  Factory  
  134  9:47  Supply Depot x2  
  132  9:56  Barracks, Supply Depot  
  132  9:57  Supply Depot  
  132  9:58  Barracks  
  132  9:59  Barracks  
  131  10:10  Marine x7  
  100  10:22  Marine x2  
  100  10:28  Marine x5  
  96  10:32  Siege Tank, Medivac x2  
  96  10:33  Factory Tech Lab  
  95  10:43  Marine x4  
  94  10:50  Barracks Reactor x3  
  94  10:51  Marine x5  
  94  10:54  Sensor Tower  
  99  11:01  Marine x4  
  99  11:02  Medivac x2  
  107  11:04  Siege Tank  
  107  11:09  Marine  
  110  11:20  Siege Tank  
  112  11:26  Marine x10  
  112  11:27  Marine x4  
  126  11:36  Siege Tank  
  126  11:39  Medivac x2  
Show
View Real Time Build Order
Export as new Build Order

JJAKJI Terran - Winner!

Build Orders: Reaper Expand, Bio Tank 

Get SALT Encoding   

  12  0:00  SCV  
  13  0:12  SCV  
  14  0:17  Supply Depot  
  14  0:24  SCV  
  14  0:27  Refinery  
  15  0:38  SCV  
  16  0:44  Barracks  
  16  0:50  SCV  
  17  1:02  SCV  
  18  1:15  SCV  
  19  1:30  Orbital Command  
  19  1:31  Reaper  
  20  1:43  Command Center  
  20  1:54  Factory  
  20  1:58  SCV  
  21  2:07  Barracks Reactor, Supply Depot  
  21  2:12  SCV  
  22  2:18  Refinery  
  22  2:24  SCV  
  23  2:36  SCV  
  24  2:42  Hellion, Starport  
  26  2:44  Marine x2  
  26  2:48  SCV  
  29  2:58  Orbital Command  
  29  3:00  SCV  
  29  3:03  Widow Mine  
  29  3:05  Marine  
  32  3:08  Marine  
  33  3:13  SCV  
  36  3:21  Viking  
  36  3:24  SCV  
  36  3:25  SCV  
  38  3:30  Engineering Bay  
  38  3:34  Marine x2  
  38  3:37  SCV  
  41  3:45  Supply Depot  
  41  3:47  SCV  
  42  3:49  SCV  
  42  3:55  Viking  
  45  3:59  Marine  
  45  4:01  Factory Tech Lab, Missile Turret  
  46  4:06  SCV x2, Marine  
  47  4:12  Supply Depot  
  47  4:20  SCV x2  
  47  4:21  Siege Tank  
  52  4:30  Missile Turret  
  52  4:32  SCV x2  
  54  4:40  Medivac x2  
  57  4:50  Marine  
  60  4:54  Supply Depot  
  60  4:55  Siege Tank  
  60  4:57  SCV  
  62  5:02  Supply Depot  
  62  5:16  SCV x2  
  62  5:19  Barracks Tech Lab  
  62  5:21  Command Center  
  64  5:26  Refinery  
  64  5:27  Siege Tank  
  69  5:28  SCV x2  
  69  5:30  Viking  
  71  5:37  Refinery  
  71  5:40  Viking, SCV  
  74  5:44  Marine  
  74  5:47  SCV  
  75  5:52  Supply Depot, SCV  
  75  5:56  Engineering Bay  
  76  5:57  Stimpack  
  76  6:03  SCV  
  77  6:04  SCV  
  78  6:13  Marine  
  78  6:15  SCV  
  78  6:16  SCV  
  65  6:26  Siege Tank  
  65  6:27  SCV  
  65  6:28  Terran Infantry Weapons Level 1  
  65  6:29  Terran Infantry Armor Level 1, SCV  
  65  6:31  Marine  
  71  6:39  SCV  
  72  6:41  SCV  
  72  6:42  Barracks, Orbital Command  
  72  6:43  Barracks  
  73  6:51  SCV  
  73  6:52  Marine  
  73  6:53  SCV  
  74  6:59  Siege Tank  
  74  7:00  Barracks  
  77  7:01  Barracks  
  77  7:03  SCV  
  77  7:05  SCV  
  79  7:10  Orbital Command, Marine  
  79  7:11  Medivac x2  
  84  7:15  SCV  
  84  7:17  SCV  
  86  7:25  Barracks, Factory  
  86  7:26  Barracks, Refinery  
  86  7:28  Marine, SCV  
  86  7:29  SCV  
  89  7:31  Siege Tank  
  92  7:37  SCV  
  92  7:40  SCV  
  92  7:41  SCV  
  97  7:44  Barracks Reactor x2  
  97  7:46  Marine  
  97  7:47  Supply Depot  
  97  7:48  Barracks Reactor  
  97  7:49  Supply Depot  
  97  7:50  Barracks Reactor  
  96  7:53  SCV x3  
  96  7:55  Refinery  
  99  8:01  Combat Shields  
  99  8:04  Marine  
  99  8:05  Armory  
  100  8:08  Supply Depot, SCV  
  100  8:09  Siege Tank, Supply Depot, SCV  
  100  8:11  SCV  
  100  8:12  Supply Depot  
  106  8:13  Marine x2  
  105  8:22  Marine  
  105  8:23  Factory Tech Lab  
  105  8:24  Marine x2  
  104  8:28  Marine x2  
  104  8:29  Marine  
  104  8:31  Marine x3  
  104  8:34  SCV  
  101  8:36  Marine x2  
  101  8:39  Marine  
  99  8:42  Marine  
  99  8:43  Marine  
  99  8:46  Marine x2  
  99  8:47  Marine  
  101  8:48  Siege Tank  
  101  8:51  Barracks Reactor x2  
  101  8:55  Marine  
  107  8:57  Marine  
  107  8:58  Sensor Tower  
  107  8:59  Medivac, Marine x2  
  107  9:00  Medivac, Marine x2  
  114  9:04  Marine  
  114  9:06  Terran Vehicle Weapons Level 1  
  114  9:07  Terran Infantry Weapons Level 2  
  115  9:15  Marine  
  116  9:18  Terran Infantry Armor Level 2  
  116  9:19  Marine x4  
  116  9:23  Marine  
  121  9:24  Marine x3  
  124  9:32  Bunker  
  124  9:33  Marine  
  124  9:34  Medivac  
  124  9:36  Medivac  
  124  9:37  Marine x4  
  133  9:41  Marine  
  133  9:42  Marine  
  133  9:43  Command Center  
  133  9:45  Supply Depot  
  135  9:47  Supply Depot  
  135  9:48  Supply Depot  
  135  9:50  Siege Tank  
  135  9:52  Siege Tank  
  141  10:03  Missile Turret  
  141  10:06  Marine x9  
  148  10:10  Marine x3  
  148  10:11  Marine  
  132  10:22  Medivac, Siege Tank  
  132  10:24  Marine x9  
  136  10:29  Marine  
  136  10:30  Marine x3  
  131  10:37  Medivac  
  131  10:42  Marine x9  
  139  10:47  Marine x4  
  143  10:51  SCV x3  
  146  10:57  Siege Tank x2  
  146  11:00  Marine x4  
  156  11:06  Marine x4  
  156  11:07  Missile Turret  
  160  11:15  Marine  
  160  11:16  Marine x2  
  163  11:24  Medivac  
  163  11:25  Medivac  
  167  11:26  Planetary Fortress  
  167  11:28  SCV x3  
  167  11:29  Siege Tank x2  
  176  11:40  SCV x2  
  176  11:44  Marine x2  
  180  11:49  Marine x2  
  180  11:50  Marine x2  
  180  11:51  Marine  
  180  11:52  Marine  
Tags
 
Add a new tag
Caveats
  • Supply blocks, unpowered buildings, or Contaminate may cause inaccurate times.
  • Supply counts are checked every 10 seconds.